 Dungeon Crawl Stone Soup version 0.26-a0-597-gb535b0901c (webtiles) character file.

Game seed: 12470648671727633290

(classic levelgen) 5020 EnegeticOcto the Cleaver (level 10, -7/92 HPs)
             Began as a Deep Dwarf Fighter on Aug 28, 2020.
             Was an Initiate of Makhleb.
             Mangled by Snorg (16 damage)
             ... on level 10 of the Dungeon.
             The game lasted 00:05:08 (6087 turns).

EnegeticOcto the Cleaver (Deep Dwarf Fighter)       Turns: 6087, Time: 00:05:09

Health: -7/92      AC: 15    Str: 23    XL:     10   Next: 30%
Magic:  3/3        EV:  8    Int:  9    God:    Makhleb [......]
Gold:   550        SH: 11    Dex: 12    Spells: 9/9 levels left

rFire    . . .     SeeInvis .   a - +1 war axe
rCold    . . .     Faith    .   c - +0 kite shield
rNeg     . . .     Spirit   .   b - +0 scale mail
rPois    +         Reflect  .   (no helmet)
rElec    .         Harm     .   q - +2 cloak {Stlth+}
rCorr    .                      l - +1 pair of gloves
MR       +....                  n - +0 pair of boots
Stlth    ..........             (no amulet)
HPRegen  0.00/turn              (no ring)
MPRegen  0.08/turn              y - ring of poison resistance

@: non-regenerating, lightly drained
A: damage resistance, heal wounds, sense surroundings 2, no regeneration
a: Heal Wounds, Renounce Religion


You were on level 10 of the Dungeon.
You worshipped Makhleb.
Makhleb was noncommittal.
You visited 2 branches of the dungeon, and saw 11 of its levels.

You collected 550 gold pieces.

Inventory:

Hand Weapons
 a - a +1 war axe (weapon)
Missiles
 u - a throwing net (quivered)
Armour
 b - a +0 scale mail (worn)
 c - a +0 kite shield (worn)
 l - a +1 pair of gloves (worn)
 n - a +0 pair of boots (worn)
 q - a +2 cloak of stealth (worn)
Jewellery
 r - an uncursed ring of magical power {unknown}
 y - a ring of poison resistance (right hand)
 C - a cursed -4 ring of evasion {unknown}
Wands
 o - a wand of iceblast (16) {@v2}
 s - a wand of paralysis (18)
Scrolls
 f - a scroll of enchant weapon
 h - 3 scrolls of teleportation {@r3}
 j - a scroll of fear
 m - a scroll of magic mapping {@r5}
 p - 4 scrolls of remove curse {@r2}
 t - a scroll of immolation {@r4}
Potions
 d - 2 potions of might {@q3}
 g - 2 potions of haste {@q4}
 i - 6 potions of stabbing {@q5}
 k - 3 potions of curing {@q1}
 v - 2 potions of lignification {unknown}
 w - a potion of heal wounds {@q2}
 x - a potion of invisibility
 A - a potion of magic
 B - a potion of resistance {unknown}


   Skills:
 + Level 6.7(6.5) Fighting
 * Level 10.5(10.3) Axes
 + Level 8.0(7.8) Armour
 + Level 8.1(7.8) Shields
 * Level 3.7(3.5) Invocations


You had 9 spell levels left.
You didn't know any spells.
Your spell library was empty.

Dungeon Overview and Level Annotations

Branches:
Dungeon (10/15)            Temple (1/1) D:6            Lair (0/6) D:8
    Orc (0/2) D:10

Altars:
Ashenzari
Cheibriados
Dithmenos
Elyvilon
Fedhas
Gozag
Hepliaklqana
Kikubaaqudgha
Makhleb
Nemelex Xobeh
Okawaru
Qazlal
Ru
Sif Muna
Trog
Uskayaw
Vehumet
Wu Jian
Xom
Yredelemnul
Zin
The Shining One

Shops:
D:4 [

Annotations:
D:7 3 runed translucent doors, Tribe's ghost, novice BaIE
D:10 Snorg


Innate Abilities, Weirdness & Mutations

You are resistant to damage.
You can heal yourself by infusing magical energy.
You passively map the area around you.
You do not regenerate.


Message History

Snorg is lightly wounded.
You block Snorg's attack. Snorg claws you but does no damage.
You block Snorg's attack.
You slice Snorg!!
Snorg is moderately wounded.
Snorg goes berserk!
You slash Snorg!
Snorg is moderately wounded.
You block Snorg's attack. Snorg claws you but does no damage.
You block Snorg's attack.
You closely miss Snorg.
Snorg is moderately wounded.
You block Snorg's attack. x2; Snorg claws you but does no damage.
Snorg bites you!! Snorg claws you. x2
You are too injured to fight recklessly!
You are too injured to fight recklessly!
You are too injured to fight recklessly!
Your magical essence is drained by the effort!
You feel much better. Snorg bites you. Snorg claws you! Snorg claws you.
Evoke which item? (* to show all) (? for menu, Esc to quit)
Aiming: Corrosive Bolt
Press: ? - help, Shift-Dir - straight line, f - Snorg
Aim: Snorg (moderately wounded, berserk)
The bolt of acid hits Snorg!
Snorg is splashed with acid!
Snorg is heavily wounded.
Snorg bites you! Snorg claws you! x2
* * * LOW HITPOINT WARNING * * *
Snorg barely misses you. You block Snorg's attack.
Snorg claws you but does no damage.
Evoke which item? (* to show all) (? for menu, Esc to quit)
Aiming: Corrosive Bolt
Press: ? - help, Shift-Dir - straight line, f/p - Snorg
Aim: Snorg (heavily wounded, berserk)
The bolt of acid misses Snorg.
Snorg closely misses you. Snorg claws you but does no damage. Snorg claws you.
* * * LOW HITPOINT WARNING * * *
Okay, then.
You feel much better. Snorg bites you! Snorg claws you. x2
You block Snorg's attack. Snorg claws you but does no damage. Snorg claws you!
Evoke which item? (* to show all) (? for menu, Esc to quit)
Aiming: Corrosive Bolt
Press: ? - help, Shift-Dir - straight line, f/p - Snorg
Aim: Snorg (heavily wounded, berserk)
The bolt of acid hits Snorg!
Snorg is splashed with acid.
Snorg is heavily wounded.
The now-empty wand crumbles to dust.
Snorg bites you!
* * * LOW HITPOINT WARNING * * *
Snorg claws you but does no damage. You block Snorg's attack.
Evoke which item? (* to show all) (? for menu, Esc to quit)
Evoke which item? (* to show all) (? for menu, Esc to quit)
(Key replay ran out of keys)
Okay, then.
You feel much better. You block Snorg's attack. x2
Snorg claws you but does no damage. Snorg bites you!
Snorg claws you but does no damage. You block Snorg's attack.
Evoke which item? (* to show all) (? for menu, Esc to quit)
Aiming: Iceblast
Press: ? - help, Shift-Dir - straight line, f/p - Snorg
Aim: Snorg (heavily wounded, berserk) That beam is likely to hit you.
Continue anyway?
Okay, then.
Evoke which item? (* to show all) (? for menu, Esc to quit)
Press: ? - help, Shift-Dir - straight line, p - Snorg The mass of ice explodes!
The iceblast engulfs Snorg!
Snorg is severely wounded.
Snorg bites you but does no damage. You block Snorg's attack. Snorg claws you!
Evoke which item? (* to show all) (? for menu, Esc to quit)
Aiming: Iceblast
Press: ? - help, Shift-Dir - straight line The mass of ice explodes!
The iceblast engulfs Snorg!
Snorg is severely wounded.
You block Snorg's attack. Snorg closely misses you.
Snorg claws you but does no damage. Snorg barely misses you.
Snorg closely misses you. Snorg claws you.
Evoke which item? (* to show all) (? for menu, Esc to quit)
Aiming: Iceblast
Press: ? - help, Shift-Dir - straight line The mass of ice explodes!
The iceblast engulfs Snorg!
Snorg is severely wounded.
Snorg bites you!
* * * LOW HITPOINT WARNING * * *
Snorg closely misses you. Snorg claws you.
* * * LOW HITPOINT WARNING * * *
Evoke which item? (* to show all) (? for menu, Esc to quit)
Aiming: Iceblast
Press: ? - help, Shift-Dir - straight line The mass of ice explodes!
The iceblast engulfs Snorg.
Snorg is severely wounded.
You block Snorg's attack. Snorg barely misses you.
Snorg claws you but does no damage. Snorg bites you!
* * * LOW HITPOINT WARNING * * *
Snorg claws you but does no damage. Snorg claws you!
* * * LOW HITPOINT WARNING * * *
You fail to use your ability.
Snorg bites you.
* * * LOW HITPOINT WARNING * * *
Snorg claws you. x2
* * * LOW HITPOINT WARNING * * *
You fail to use your ability.
You block Snorg's attack.
Snorg claws you but does no damage. x2; Snorg bites you!
You die...

* , , ,, , *
* * ,,, * , ,
, , ,, , * ,
, , , , , * ,
##+### , ,,*
#<...# , ,
#....# ,
#....# ** * ,
, * ,, #@...#
* , * ,,*
,,,#.T.......
, , * ,
,#......... ,
*
,#.........,
, , *
*##<....... ,
, ,, ,
#...###.. *
** , *#...#
*.. , > *,
#:... , 8 , *
, + ,


You could see Snorg (berserk).

Vanquished Creatures
  An orc knight (D:8)
  Maurice (D:9)
  Maggie (D:9)
  A komodo dragon (D:8)
  A troll (D:9)
  A hippogriff (D:8)
  Duvessa (D:4)
  An ice beast (D:9)
  An orc warrior (D:9)
  A sky beast (D:5)
  2 phantoms
  2 necrophages (D:9)
  9 ogres
  A centaur (D:8)
  A bullfrog (D:8)
  Dowan (D:4)
  A wyvern skeleton (D:6)
  3 scorpions
  4 wights (D:9)
  2 howler monkeys
  2 bullfrog zombies (D:8)
  2 quasits
  3 hounds
  A gnoll shaman (D:5)
  2 iguanas
  4 jellies
  4 orc priests
  11 orc wizards
  A bullfrog skeleton (D:4)
  3 worker ants
  3 worker ant zombies
  A howler monkey skeleton (D:4)
  4 adders
  8 gnolls
  2 white imps
  An ufetubus (D:9)
  An ooze (D:1)
  An adder skeleton (D:9)
  An adder zombie (D:9)
  2 worms (D:2)
  3 leopard geckos
  39 orcs
  A giant cockroach (D:7)
  8 goblins
  6 hobgoblins
  10 jackals
  6 kobolds
  3 quokkas
  A ball python (D:4)
  7 bats
  5 frilled lizards
  A quokka skeleton (D:8)
  10 rats
193 creatures vanquished.

Vanquished Creatures (others)
  29 plants (D:8)
29 creatures vanquished.

Grand Total: 222 creatures vanquished

Notes
Turn   | Place    | Note
-------+----------+-------------------------------------------
     0 | D:1      | EnegeticOcto the Deep Dwarf Fighter began the quest for the
                  | Orb.
     0 | D:1      | Reached XP level 1. HP: 20/20 MP: 1/1
    28 | D:1      | Reached XP level 2. HP: 27/27 MP: 2/2
   281 | D:2      | Reached skill level 3 in Axes
   281 | D:2      | Reached XP level 3. HP: 25/34 MP: 3/3
   286 | D:2      | Found a sacrificial altar of Ru.
   299 | D:2      | Found an ornate altar of the Wu Jian Council.
   585 | D:4      | Reached XP level 4. HP: 36/42 MP: 4/4
   659 | D:4      | Noticed a phantom
   668 | D:4      | Reached skill level 4 in Axes
   668 | D:4      | Reached XP level 5. HP: 38/49 MP: 5/5
   686 | D:4      | Killed a phantom
   759 | D:4      | Reached XP level 6. HP: 40/56 MP: 6/6
   829 | D:4      | Reached skill level 5 in Axes
   861 | D:4      | Found Rexos's Armour Shoppe.
   969 | D:4      | Noticed Dowan
   969 | D:4      | Noticed Duvessa
   990 | D:4      | Killed Duvessa
   990 | D:4      | Reached XP level 7. HP: 48/64 MP: 7/7
  1007 | D:4      | Killed Dowan
  1007 | D:4      | Reached skill level 5 in Shields
  1369 | D:5      | Entered Level 5 of the Dungeon
  1468 | D:5      | Reached skill level 5 in Armour
  1632 | D:5      | Reached skill level 6 in Axes
  1974 | D:5      | Reached XP level 8. HP: 44/73 MP: 8/8
  1981 | D:5      | Reached skill level 7 in Axes
  2145 | D:6      | Found a staircase to the Ecumenical Temple.
  2164 | Temple   | Entered the Ecumenical Temple
  2594 | D:6      | Reached skill level 5 in Fighting
  2637 | D:6      | Found a hazy altar of Hepliaklqana.
  4013 | D:7      | Reached skill level 8 in Axes
  4074 | D:7      | Found an opulent altar of Gozag.
  4082 | D:7      | Noticed Tribe's ghost (novice BaIE)
  4083 | D:7      | Found a runed translucent gate.
  4083 | D:7      | Found a runed translucent gate.
  4084 | D:7      | Found a runed translucent gate.
  4100 | D:7      | Found a glowing golden altar of the Shining One.
  4528 | D:8      | Noticed a hippogriff
  4542 | D:8      | Gained mutation: You passively map the area around you.
                  | [Deep Dwarf growth]
  4542 | D:8      | Reached XP level 9. HP: 53/81 MP: 5/5
  4587 | D:8      | Found a basalt altar of Yredelemnul.
  4688 | D:8      | Reached skill level 9 in Axes
  4754 | D:8      | Noticed an orc knight
  4783 | D:8      | Killed an orc knight
  4940 | D:8      | Noticed a komodo dragon
  4941 | D:8      | Found a staircase to the Lair.
  4954 | D:8      | Killed a komodo dragon
  5138 | D:8      | Found a white marble altar of Elyvilon.
  5138 | D:8      | Found a glowing silver altar of Zin.
  5138 | D:8      | Found an iron altar of Okawaru.
  5139 | D:8      | Found a radiant altar of Vehumet.
  5142 | D:8      | Found a sparkling altar of Nemelex Xobeh.
  5143 | D:8      | Found an ancient bone altar of Kikubaaqudgha.
  5296 | D:9      | Reached skill level 10 in Axes
  5338 | D:9      | Found a burning altar of Makhleb.
  5353 | D:9      | Became a worshipper of Makhleb the Destroyer
  5402 | D:9      | Reached skill level 1 in Invocations
  5635 | D:9      | Reached XP level 10. HP: 71/92 MP: 4/4
  5637 | D:9      | Noticed Maurice
  5646 | D:9      | Killed Maurice
  5759 | D:9      | Noticed Maggie
  5771 | D:9      | Killed Maggie
  6067 | D:10     | Entered Level 10 of the Dungeon
  6067 | D:10     | Noticed Snorg
  6087 | D:10     | Mangled by Snorg

Illustrated notes

Levels and vault maps discovered:
D:1:      dpeg_arrival_boxorama, layout_loops_ring, st_stairs_14
D:2:      layout_basic, nicolae_ru_awakened_eye, lemuel_crystal_altar,
          minmay_misc_feat_tower, grunt_ministairs_12
D:3:      layout_loops_ring
D:4:      layout_basic, serial_shops, shop, uniq_duvessa
D:5:      layout_cave_pods
D:6:      layout_cave_pools, lemuel_crystal_altar, minmay_temple_entry_arrows
D:7:      layout_gridville, basic_altar, ebering_ghost_rock_garden,
          lemuel_altar_in_water
D:8:      minmay_angry_zag, layout_basic, lemuel_crystal_altar, minitemple,
          david_lair_shrubbed, kennysheep_just_a_vault
D:9:      layout_loops_ring, makhleb_heckhound_becter, uniq_maggie, uniq_maurice
D:10:     layout_gridville, david_orc_1_choice, uniq_snorg, uniq_nergalle
Temple:   bh_familiar_temple

Skill      XL: |  1  2  3  4  5  6  7  8  9 10 |
---------------+-------------------------------+-----
Fighting       | 3 4 5 6 |  6.7
Axes           | 3 4 5 6 8 10 | 10.5
Armour         | 4 5 6 7 8 |  8.0
Shields        | 4 5 6 7 8 |  8.1
Invocations    | 1 3 |  3.7

Action                   |  1- 3 |  4- 6 |  7- 9 | 10-12 || total
-------------------------+-------+-------+-------+-------++-------
Melee: War axe           |    95 |   100 |   441 |    62 ||   698
 Abil: Heal Wounds       |     1 |     5 |    32 |     7 ||    45
Evoke: Wand              |       |       |     6 |     8 ||    14
  Use: Scroll            |       |       |    17 |     1 ||    18
 Stab: Paralysed         |       |       |       |     5 ||     5
Armor: Scale mail        |    52 |    42 |   177 |    38 ||   309
Dodge: Dodged            |    40 |    29 |   129 |    25 ||   223
Block: Kite shield       |    59 |    77 |   230 |    51 ||   417

Table legend: (Time is in decaauts)
 A = Elapsed time spent in this place.
 B = Non-inter-level travel time spent in this place.
 C = Inter-level travel time spent in this place.
 D = Time resting spent in this place.
 E = Time spent auto-exploring this place.
 F = Levels seen in this place.
 G = Mean time per level.
                   A        B        C        D        E       F      G
               +--------+--------+--------+--------+--------+-----+--------+
         Total |   6235 |   5803 |    432 |      0 |   4376 |  11 |  566.8 |
       Dungeon |   6048 |   5635 |    413 |      0 |   4210 |  10 |  604.8 |
        Temple |    186 |    167 |     19 |      0 |    166 |   1 |  186.0 |
               +--------+--------+--------+--------+--------+-----+--------+

Top non-repeatable levels by time:
     D:4: 886 daAuts
     D:9: 832 daAuts
     D:8: 829 daAuts
     D:5: 828 daAuts
     D:2: 785 daAuts
     D:6: 605 daAuts
     D:3: 600 daAuts
     D:7: 480 daAuts
  Temple: 186 daAuts
     D:1: 180 daAuts
    D:10: 19 daAuts
